 Dungeon Crawl Stone Soup version 0.30-a0-385-gfebfb9b408 (webtiles) character file.

Game seed: 5463827897485156911

44 IdlyInterested the Sneak (level 3, -3/26 HPs)
             Began as a Demonspawn Wanderer on Dec 2, 2022.
             Slain by a worm (6 damage)
             ... on level 2 of the Dungeon.
             The game lasted 00:07:18 (1351 turns).

IdlyInterested the Sneak (Demonspawn Wanderer)      Turns: 1351, Time: 00:07:18

Health: -3/26      AC:  6    Str: 10    XL:     3   Next: 41%
Magic:  5/5        EV: 10    Int: 13    God:
Gold:   60         SH:  0    Dex: 16    Spells: 4/5 levels left

rFire   . . .      SeeInvis .    a - +0 dagger (vorpal)
rCold   . . .      Faith    .    (no shield)
rNeg    . . .      Spirit   .    s - +0 ring mail
rPois   .          Reflect  .    (no helmet)
rElec   .          Harm     .    (no cloak)
rCorr   .          Rampage  .    (no gloves)
Will    .....                    h - +0 pair of boots
Stlth   ++........               (no amulet)
HPRegen 0.24/turn                (no ring)
MPRegen 0.09/turn                (no ring)

@: no status effects
A: claws 1, foul stench 1
a: no special abilities


You were on level 2 of the Dungeon.
You visited 1 branch of the dungeon, and saw 2 of its levels.

You collected 102 gold pieces.
You spent 42 gold pieces at shops.

Inventory:

Hand Weapons
 a - a +0 vorpal dagger (weapon)
 i - a +0 short sword
Missiles
 b - 4 curare-tipped darts
 g - 3 boomerangs
 j - 16 poisoned darts
 n - a throwing net
 p - 14 stones (quivered)
Armour
 c - a +0 pair of boots
 e - a +0 robe
 h - a +0 pair of boots (worn)
 m - a +0 leather armour
 s - a +0 ring mail (worn)
Jewellery
 r - an amulet of faith
Scrolls
 d - 5 scrolls of teleportation
 l - a scroll of enchant weapon {unknown}
Potions
 f - a potion of flight {unknown}
 k - a potion of berserk rage
 o - a potion of curing
 q - a potion of brilliance
 t - 2 potions of mutation {unknown}


   Skills:
 + Level 1.3 Fighting
 - Level 3.0 Throwing
 - Level 1.0 Armour
 - Level 1.0 Dodging
 - Level 3.0 Stealth
 * Level 1.5 Spellcasting
 - Level 2.0 Ice Magic


You had 4 spell levels left.
You knew the following spells:

 Your Spells              Type           Power      Damage    Failure   Level
a - Freeze                Ice            24%        1d4       30%         1

Your spell library contained the following spells:

 Spells                   Type           Power      Damage    Failure   Level
 Hailstorm                Conj/Ice       3%         3d3       80%         3


Dungeon Overview and Level Annotations

Branches:
Dungeon (2/15)

Altars:

Shops:
D:1 !


Innate Abilities, Weirdness & Mutations

You have sharp fingernails.
You may rarely emit foul miasma when damaged in melee.


Message History

You barely miss the worm.
The worm is moderately wounded.
The worm bites you but does no damage.
You completely miss the worm.
The worm is moderately wounded.
You hit the worm.
The worm is moderately wounded.
The worm bites you but does no damage.
You hit the worm.
The worm is heavily wounded.
The worm closely misses you.
You hit the worm but do no damage.
The worm is heavily wounded.
You hit the worm.
The worm is heavily wounded.
The worm bites you!
You hit the worm.
The worm is severely wounded.
You hit the worm but do no damage.
The worm is severely wounded.
The worm closely misses you.
You hit the worm.
The worm is severely wounded.
The worm barely misses you.
You hit the worm.
The worm is almost dead.
You barely miss the worm.
The worm is almost dead.
The worm bites you!
* * * LOW HITPOINT WARNING * * *
You barely miss the worm.
The worm is severely wounded.
You hit the worm but do no damage.
The worm is severely wounded.
The worm bites you.
* * * LOW HITPOINT WARNING * * *
You hit the worm.
The worm is almost dead.
The worm bites you.
You die...

#.#.##### ########. #######
.#.....# ###. ..... ......## #...
####.#.# ###...... #.#. ≈≈~#.#.#
# .......####### #.#.
≈......#####.###.#.........###.#.
.†.......†.................'†.)..
...#.#######.#.###.........###.##
...#.# #..@w.........# #.##
...#.# .######........# #...
...#.# ........###.#'#######
...#.# ############.# #........##
...#.# #.....# #.# ##........#
)..#.# #.....# ##.####........#
#.##.# #.....# #..............#
#.##.# #.....# #..............#
#.##.# #.....# #..............#


You could see a worm.

Vanquished Creatures
  A worm (D:2)
  A dart slug (D:2)
  3 endoplasms (D:2)
  2 giant cockroaches (D:1)
  4 goblins
  3 hobgoblins (D:1)
  3 jackals (D:1)
  3 quokkas
  A ball python (D:1)
  6 bats (D:1)
  A frilled lizard (D:2)
  3 kobolds (D:2)
  4 rats
35 creatures vanquished.

Notes
Turn   | Place    | Note
-------+----------+-------------------------------------------
     0 | D:1      | IdlyInterested the Demonspawn Wanderer began the quest for
                  | the Orb.
     0 | D:1      | IdlyInterested set off with the following items: a +0
                  | vorpal dagger, 4 curare-tipped darts, a +0 pair of boots, a
                  | scroll of teleportation, a +0 robe; and the following spell
                  | memorised: Freeze; and the following spells available to
                  | memorise: Hailstorm.
     0 | D:1      | Reached XP level 1. HP: 13/13 MP: 2/2
    59 | D:1      | Found Xoihoiqi's Distillery.
   323 | D:1      | Gained mutation: You may rarely emit foul miasma when
                  | damaged in melee. [demonic ancestry]
   323 | D:1      | Reached XP level 2. HP: 19/20 MP: 3/3
   873 | D:1      | Bought a potion of curing for 42 gold pieces
   882 | D:2      | Reached skill level 1 in Fighting
   882 | D:2      | Reached skill level 1 in Dodging
   894 | D:2      | Gained mutation: You have sharp fingernails. [demonic
                  | ancestry]
   894 | D:2      | Reached XP level 3. HP: 10/26 MP: 4/4
  1351 | D:2      | Slain by a worm

Illustrated notes

Levels and vault maps discovered:
D:1:      dpeg_arrival_chambers_temple_mockup, layout_rooms, serial_shops, shop
D:2:      layout_basic, st_stairs_13, chequers_serial_rivers_small_a,
          pf_guarded_unrand_delatra

Skill      XL: |  1  2 |
---------------+-------+-----
Stealth        | 3 |  3.0
Throwing       | 3 |  3.0
Ice Magic      | 2 |  2.0
Fighting       | 1 |  1.3
Dodging        | 1 |  1.0
Armour         | |  1.0
Spellcasting   | |  1.5

Action                   || total
-------------------------++-------
Melee: Dagger            ||   159
       Punch             ||     3
Throw: Boomerang         ||     3
  Use: Potion            ||     1
       Scroll            ||     2
 Stab: Sleeping          ||     3
Armor: Robe              ||    40
       Leather armour    ||    10
       Ring mail         ||     5
Dodge: Dodged            ||   115

Table legend: (Time is in decaauts)
 A = Elapsed time spent in this place.
 B = Non-inter-level travel time spent in this place.
 C = Inter-level travel time spent in this place.
 D = Time resting spent in this place.
 E = Time spent auto-exploring this place.
 F = Levels seen in this place.
 G = Mean time per level.
                   A        B        C        D        E       F      G
               +--------+--------+--------+--------+--------+-----+--------+
         Total |   1351 |   1292 |     59 |    141 |    565 |   2 |  675.5 |
       Dungeon |   1351 |   1292 |     59 |    141 |    565 |   2 |  675.5 |
               +--------+--------+--------+--------+--------+-----+--------+

Top non-repeatable levels by time:
     D:1: 913 daAuts
     D:2: 438 daAuts
